 Dungeon Crawl Stone Soup version 0.31.0-32-g396128a36d (webtiles) character file.

Game seed: 4314398626632870251

19 arakdai the Conjurer (level 2, 0/18 HPs)
             Began as a Tengu Reaver on Apr 6, 2024.
             Succumbed to an adder's poison
             ... on level 2 of the Dungeon.
             The game lasted 00:01:25 (436 turns).

arakdai the Conjurer (Tengu Reaver)                  Turns: 436, Time: 00:01:26

Health: 0/18       AC:  3    Str: 12    XL:     2   Next: 75%
Magic:  6/6        EV: 11    Int: 13    God:
Gold:   3          SH:  0    Dex: 12    Spells: 4/5 levels left

rFire   . . .        a - +0 short sword
rCold   . . .        (no shield)
rNeg    . . .        b - +0 leather armour
rPois   .            (helmet restricted)
rElec   .            (no cloak)
rCorr   .            (no gloves)
SInv    .            (boots unavailable)
Will    .....        (no amulet)
Stlth   +            (no ring)
HPRegen 0.23/turn    (no ring)
MPRegen 0.10/turn

%: acrobat
@: lethally poisoned (0 -> -3)
A: beak, talons 3, acrobatic
a: no special abilities


You were on level 2 of the Dungeon.
You visited 1 branch of the dungeon, and saw 2 of its levels.

You collected 3 gold pieces.

Inventory:

Hand Weapons
 a - a +0 short sword (weapon)
Armour
 b - a +0 leather armour (worn)
 e - an orb of guile
Jewellery
 g - a ring of fire
Potions
 c - a potion of mutation {unknown}
 d - a potion of curing {unknown}
 f - a potion of heal wounds {unknown}


   Skills:
 * Level 2.3 Fighting
 + Level 3.7 Short Blades
 * Level 0.7 Armour
 + Level 2.2 Dodging
 + Level 2.0 Spellcasting
 + Level 4.1 Conjurations


You had 4 spell levels left.
You knew the following spells:

 Your Spells              Type           Power      Damage    Failure   Level
a - Kiss of Death         Conj/Necr      24%        2d7       14%         1

Your spell library contained the following spells:

 Spells                   Type           Power      Damage    Failure   Level
 Magic Dart               Conj           48%        1d5       6%          1
 Searing Ray              Conj           24%        2d5       9%          2
 Momentum Strike          Conj/Tloc      12%        3d8       22%         2
 Hailstorm                Conj/Ice       6%         3d5       38%         3
 Fulminant Prism          Conj/Alch      3%         3d5       80%         4


Dungeon Overview and Level Annotations

Branches:
Dungeon (1/15)

Altars:


Innate Abilities, Weirdness & Mutations

You have a beak for a mouth.
You have claws for feet.
You can magically evade attacks while moving or waiting.


Message History

You closely miss the adder. The adder bites you.
You are poisoned.
The adder poisons you!
You hit the adder. Your kick misses the adder.
The adder is moderately wounded.
You feel sick. The adder barely misses you. The adder misses you.
You closely miss the adder. You claw the adder, but do no damage.
The adder is moderately wounded.
The adder closely misses you.
You closely miss the adder. Your kick misses the adder.
The adder is moderately wounded.
You feel sick. The adder misses you.
You hit the adder but do no damage. Your kick misses the adder.
Your peck misses the adder.
The adder is moderately wounded.
You feel sick. The adder bites you.
You are more poisoned.
The adder poisons you!
You are too injured to fight recklessly!
You are too injured to fight recklessly!
You are too injured to fight recklessly!
You are too injured to fight recklessly!
You are too injured to fight recklessly!
You hit the adder but do no damage. You peck the adder.
The adder is heavily wounded.
You feel sick. The adder bites you.
You closely miss the adder. Your kick misses the adder.
Your peck misses the adder.
The adder is heavily wounded.
* * * LOW HITPOINT WARNING * * *
You feel sick. The adder barely misses you.
You hit the adder but do no damage. You claw the adder.
You punch the adder, but do no damage.
The adder is almost dead.
* * * LOW HITPOINT WARNING * * *
You feel sick. The adder bites you.
* * * LOW HITPOINT WARNING * * *
You hit the adder.
You kill the adder!
You die...

.......#.# #.......##
#........## #......)..#
..... #.......# ....
#......)##+##### ....
#..............##..⌠.
#########..........##..
.......@...........##.##
......†............##.##
...:.?.....#######.)..##
############ ####..#
##.# #.# #.. ###


There were no monsters in sight!

Vanquished Creatures
  An adder (D:2)
  A giant cockroach (D:1)
  3 goblins (D:2)
  4 hobgoblins (D:1)
  A kobold (D:1)
  A quokka (D:1)
  3 ball pythons
  2 bats (D:1)
  A rat (D:1)
17 creatures vanquished.

Notes
Turn   | Place    | Note
-------+----------+-------------------------------------------
     0 | D:1      | arakdai the Tengu Reaver began the quest for the Orb.
     0 | D:1      | Reached XP level 1. HP: 12/12 MP: 4/4
    43 | D:1      | Reached XP level 2. HP: 5/17 MP: 6/6
   384 | D:1      | You fall into a shaft and drop 1 floor!
   436 | D:2      | Succumbed to an adder's poison

Illustrated notes

Levels and vault maps discovered:
D:1:      evilmike_arrival_crescent, layout_basic,
          minmay_misc_feat_secret_circle
D:2:      minmay_skewed_foursquare, layout_basic, basic_altar, st_stairs_1

Action                     || total
---------------------------++-------
  Melee: Short sword       ||    52
         Kick              ||     9
         Peck              ||     6
         Punch             ||     1
 Armour: Leather armour    ||    18
  Dodge: Dodged            ||    35
